AoeStats
← juanno96

Arabia

508061231Analyzed
1v1 RM · 12d ago on Sep 20, 2026· 41m 54s· 2 players
Game mode
Random Map
Map size
Tiny (2 player)
Population
200
Speed
Normal
Resources
Standard
Victory
Conquest
Starting age
Dark Age
Ending age
Imperial Age
RankedLock teamsTeams togetherTeam positionsShared explorationLock speedFull tech treeHidden civsTurbo modeCheats
Victory
Defeat
🇦🇷 Aztecs · Argentina
684
+17
🇨🇿 Sicilians · Czechia
703
-17
juanno96
4:23 Loom
11:01 Feudal Age
9:17 Loom
15:53 Gold Mining
18:04 Wheelbarrow
18:33 Forging
18:20 Town Watch
19:29 Horse Collar
20:26 Scale Mail Armor
24:22 Fletching
29:01 Castle Age
26:56 Double-Bit Axe
27:26 Stone Mining
28:15 Padded Archer Armor
28:25 Arson
29:37 Eagle Warrior
30:21 Squires
29:58 Elite Skirmisher
31:24 Gambesons
32:27 Gold Shaft Mining
32:28 Stone Shaft Mining
36:05 Stone Shaft Mining
35:45 Fervor
35:56 Sanctity
36:59 Redemption
36:32 Crossbowman
37:49 Heavy Plow
40:06 Bow Saw
39:42 Treadmill Crane
40:24 Ballistics
43:12 Imperial Age
42:04 Iron Casting
41:44 Chain Mail Armor
Lukisonn
10:15 Feudal Age
11:07 Double-Bit Axe
11:16 Gold Mining
13:15 Fletching
16:51 Padded Archer Armor
19:56 Wheelbarrow
19:09 Loom
25:04 Castle Age
27:27 Crossbowman
27:51 Horse Collar
31:15 Husbandry
32:09 Forging
32:06 Scale Barding Armor
36:13 Town Watch
39:36 Imperial Age
40:40 Arbalester
Connection lost

Rejoining the realm…

Still unreachable

The connection could not be restored.

Session expired

The server has moved on; the page needs a fresh start.